 Dungeon Crawl Stone Soup version 0.17.2 (webtiles) character file.

2149 Redz the Conjurer (level 9, -19/52 HPs)
             Began as a Gargoyle Conjurer on May 22, 2016.
             Demolished by a hill giant
             ... wielding a +0 giant club
              (36 damage)
             ... on level 6 of the Dungeon on May 28, 2016.
             The game lasted 00:42:02 (5916 turns).

Redz the Conjurer (Gargoyle Conjurer)               Turns: 5916, Time: 00:42:02

Health: -19/52     AC: 13    Str: 15    XL:     9   Next: 31%
Magic:  14/14      EV: 13    Int: 16    God:
Gold:   366        SH:  0    Dex: 10    Spells: 2 memorised, 12 levels left

rFire  . . .     SeeInvis .     t - +5 mace (crush)
rCold  . . .     Clarity  .     a - +0 robe
rNeg   + + .     SustAt   .     (no shield)
rPois  ∞         Gourm    .     o - +1 helmet
rElec  +         Spirit   .     x - +2 cloak {rPois}
rCorr  .         Warding  +     (no gloves)
rMut   .         Stasis   .     (no boots)
MR     .....                    l - amulet of warding
Stlth  +++.......               (no ring)
                                (no ring)

@: very slightly contaminated, hasted, very quick, not resistant to hostile
enchantments, fairly stealthy
A: negative energy resistance 1, electricity resistance, unbreathing,
petrification resistance, rot immunity, AC +5
a: no special abilities


You were on level 6 of the Dungeon.
You were not hungry.

You visited 1 branch of the dungeon, and saw 7 of its levels.

You collected 366 gold pieces.

Inventory:

Hand Weapons
 f - a +1 flail of holy wrath
 t - a +5 mace of crushing (weapon)
Armour
 a - a +0 robe (worn)
 i - the +1 chain mail "Cufaijis" {rElec rPois Str-2 Int+7}
   (You found it on level 5 of the Dungeon)

   It affects your strength (-2).
   It affects your intelligence (+7).
   It insulates you from electricity.
   It protects you from poison.
 o - a +1 helmet (worn)
 x - a +2 cloak of poison resistance (worn)
Jewellery
 l - an amulet of warding (around neck)
Wands
 e - a wand of slowing (20)
Scrolls
 n - a scroll of amnesia
 p - a scroll of remove curse
Potions
 g - 3 potions of agility {unknown}
 j - 2 potions of flight
 k - a potion of degeneration {unknown}
 m - a potion of heal wounds {unknown}
 s - a potion of brilliance
Books
 b - a book of Conjurations

   Spells                             Type                      Level
   a - Magic Dart                     Conjuration                  1
   b - Searing Ray                    Conjuration                  2
   c - Dazzling Spray                 Conjuration/Hexes            3
   d - Fulminant Prism                Conjuration/Hexes            4
   e - Iskenderun's Mystic Blast      Conjuration                  4
   f - Iskenderun's Battlesphere      Conjuration/Charms           5
Comestibles
 c - 5 bread rations
 d - 2 meat rations
 q - 3 fruits
 r - a chunk of flesh
 u - a beef jerky


   Skills:
 + Level 4.7 Fighting
 * Level 5.2 Maces & Flails
 * Level 4.4 Armour
 + Level 3.8 Dodging
 + Level 5.6 Stealth
 + Level 3.6 Spellcasting
 * Level 7.2 Conjurations


You had 12 spell levels left.
You knew the following spells:

 Your Spells              Type           Power        Failure   Level  Hunger
a - Magic Dart            Conj           ####         1%          1    None
b - Searing Ray           Conj           ####..       1%          2    ##.....


Dungeon Overview and Level Annotations

Branches:
Dungeon (7/15)
 Temple: D:4-7

Altars:
Sif Muna
Vehumet

Annotations:
D:6 exclusions: orc warrior and orc wizard


Innate Abilities, Weirdness & Mutations

You are resistant to torment.
Your stone body is resilient (AC +5).
You are immune to poison.
You resist negative energy.
You are resistant to electric shocks.
You can survive without breathing.
You are immune to petrification.
You are immune to rotting.


Message History

The hill giant is moderately wounded.
The hill giant barely misses you.
You sock the hill giant!
The hill giant is heavily wounded.
The hill giant completely misses you.
You hit the hill giant.
The hill giant is heavily wounded.
You sock the hill giant!
The hill giant is almost dead.
The hill giant hits you with a giant club!
You hit the hill giant.
The hill giant is almost dead.
You barely miss the hill giant.
The hill giant is almost dead.
The hill giant hits you with a giant club!
You hit the hill giant.
The hill giant is almost dead.
The hill giant hits you with a giant club!!!
Ouch! That really hurt!
You die...

Y..............## #.......
>...$.............## ###......
..................# #........
..................# #.........
.o................##..≈≈≈..#..
o.....%...........##.≈≈8≈≈.#..
....................########..
.............C.......# #...
.............@...#..## ##...
...............>.#### #....
................## ##....
................# #.....
................##### ##.....
....................## #......
...........<...#.....###......
...............###............
..............# #....#.......


You could see a hill giant.

Vanquished Creatures
  A hill giant (D:5)
  Sigmund (D:4)
  A sky beast (D:6)
  2 ogres (D:5)
  An ice beast (D:6)
  A centaur (D:5)
  Blork the orc (D:5)
  A giant frog (D:6)
  3 scorpions (D:5)
  2 crimson imps (D:5)
  2 hounds (D:4)
  A quasit (D:7)
  A centaur zombie (D:5)
  3 orc wizards (D:5)
  Crazy Yiuf (D:4)
  A jelly (D:5)
  3 iguanas
  An orc priest (D:5)
  4 worker ants
  A killer bee zombie (D:7)
  A hound zombie (D:5)
  8 gnolls
  12 adders
  3 worms
  4 giant geckos
  10 orcs
  A ball python (D:3)
  12 bats
  9 goblins
  7 hobgoblins
  14 jackals
  6 kobolds
  5 quokkas
  8 giant cockroaches
  4 giant newts
  A quokka skeleton (D:4)
  7 rats
144 creatures vanquished.

Notes
Turn   | Place    | Note
--------------------------------------------------------------
     0 | D:1      | Redz the Gargoyle Conjurer began the quest for the Orb.
     0 | D:1      | Reached XP level 1. HP: 10/10 MP: 3/3
   279 | D:1      | Reached XP level 2. HP: 9/15 MP: 5/5
   667 | D:1      | Learned a level 2 spell: Searing Ray
  1038 | D:2      | Reached skill level 1 in Fighting
  1038 | D:2      | Reached XP level 3. HP: 20/20 MP: 1/6
  1378 | D:2      | Reached XP level 4. HP: 9/26 MP: 0/7
  1450 | D:2      | Found a faded altar to an unknown god.
  1464 | D:2      | Reached skill level 1 in Maces & Flails
  2496 | D:3      | Reached XP level 5. HP: 30/30 MP: 2/8
  2836 | D:4      | Noticed Sigmund
  2941 | D:4      | Noticed Crazy Yiuf
  2949 | D:4      | Killed Crazy Yiuf
  3365 | D:4      | Reached XP level 6. HP: 33/36 MP: 1/9
  3846 | D:5      | Entered Level 5 of the Dungeon
  3992 | D:5      | Reached skill level 5 in Conjurations
  4036 | D:5      | Reached XP level 7. HP: 41/41 MP: 4/10
  4333 | D:5      | Noticed a hill giant
  4407 | D:5      | Reached skill level 1 in Armour
  4487 | D:5      | Got a pitted chain mail
  4513 | D:5      | Noticed Blork the orc
  4606 | D:6      | Noticed a hill giant
  4773 | D:7      | Identified the +1 chain mail "Cufaijis" {rElec rPois Str-2 Int+7} (You found it on level 5 of the Dungeon)
  4891 | D:5      | Reached XP level 8. HP: 47/47 MP: 6/12
  5068 | D:4      | Reached skill level 6 in Conjurations
  5137 | D:4      | Killed Sigmund
  5137 | D:4      | Reached skill level 5 in Stealth
  5240 | D:5      | Killed a hill giant
  5405 | D:5      | Reached XP level 9. HP: 31/52 MP: 14/14
  5702 | D:5      | Killed Blork the orc
  5702 | D:5      | Reached skill level 5 in Maces & Flails
  5702 | D:5      | Reached skill level 7 in Conjurations
  5708 | D:5      | Found a deep blue altar of Sif Muna.
  5817 | D:6      | Found a radiant altar of Vehumet.
  5916 | D:6      | Demolished by a hill giant

Action                   |  1- 3 |  4- 6 |  7- 9 || total
-------------------------+-------+-------+-------++-------
Melee: Club              |    47 |    23 |       ||    70
       Unarmed           |     8 |       |       ||     8
       Mace              |       |    25 |   135 ||   160
       Flail             |       |     1 |       ||     1
 Cast: Magic Dart        |    41 |    58 |    52 ||   151
       Searing Ray       |     4 |    24 |    21 ||    49
  Use: Scroll            |       |     9 |     3 ||    12
       Potion            |       |     6 |     3 ||     9
 Stab: Sleeping          |     1 |     2 |     2 ||     5
       Distracted        |       |       |     1 ||     1
  Eat: Chunk             |     3 |    11 |     8 ||    22
